 Dungeon Crawl Stone Soup version 0.20.0-15-g7f486f2 (webtiles) character file.

40 asdasd2 the Covered (level 3, 0/33 HPs)
             Began as a Minotaur Fighter on June 10, 2017.
             Slain by Natasha (4 damage)
             ... on level 2 of the Dungeon.
             The game lasted 00:01:04 (849 turns).

asdasd2 the Covered (Minotaur Fighter)               Turns: 849, Time: 00:01:05

Health: 0/33       AC:  7    Str: 21    XL:     3   Next: 30%
Magic:  2/2        EV:  7    Int:  5    God:
Gold:   102        SH:  9    Dex:  9    Spells: 2/2 levels left

rFire    . . .     SeeInvis .   a - +0 war axe
rCold    . . .     Gourm    .   c - +0 shield
rNeg     . . .     Faith    .   b - +0 scale mail
rPois    .         Spirit   .   (helmet restricted)
rElec    .         Reflect  .   (no cloak)
rCorr    .         Harm     .   (no gloves)
MR       .....                  (no boots)
Stlth    ..........             (no amulet)
Regen    0.2/turn               (no ring)
MPRegen  0.1/turn               (no ring)

@: flying, slowed, invisible, very slow
A: retaliatory headbutt, horns 2
a: no special abilities


You were on level 2 of the Dungeon.
You were not hungry.

You visited 1 branch of the dungeon, and saw 2 of its levels.

You collected 102 gold pieces.

Inventory:

Hand Weapons
 a - a +0 war axe (weapon)
Armour
 b - a +0 scale mail (worn)
 c - a +0 shield (worn)
Jewellery
 m - an uncursed ring of fire {unknown}
Scrolls
 e - a scroll of enchant armour {unknown}
 g - 3 scrolls of identify {unknown}
 l - a scroll of fear {unknown}
 o - a scroll of immolation {unknown}
Potions
 d - a potion of might
 h - a potion of flight
 i - 2 potions of heal wounds {unknown}
 k - a potion of invisibility
 p - a potion of haste
Comestibles
 f - 2 bread rations
 j - 2 fruits
 n - a royal jelly


   Skills:
 * Level 4.2 Fighting
 + Level 2.9 Axes
 * Level 4.5 Armour
 - Level 3.6 Shields


You had 2 spell levels left.
You didn't know any spells.

Dungeon Overview and Level Annotations

Branches:
Dungeon (2/15)

Altars:
Ashenzari
Dithmenos
Hepliaklqana
The Shining One

Annotations:
D:2 Natasha


Innate Abilities, Weirdness & Mutations

You reflexively headbutt those who attack you in melee.
You have a pair of horns on your head.


Message History

You closely miss Natasha.
Natasha is heavily wounded.
You miss the crimson imp. You hit the crimson imp. You block Natasha's attack.
The crimson imp hits you. The crimson imp completely misses you.
The shadow imp spits at you. Natasha claws you.
* * * LOW HITPOINT WARNING * * *
You block the crimson imp's attack. The crimson imp barely misses you.
It was a potion of flight.
You feel very buoyant.
You fly up into the air.
You block Natasha's attack.
The crimson imp hits you but does no damage. x2
The shadow imp hits you but does no damage.
Natasha barely misses you.
It was a potion of invisibility.
You fade into invisibility!
You block the crimson imp's attack. x2; The shadow imp hits you.
* * * LOW HITPOINT WARNING * * *
Natasha claws you.
You die...

.######.# #. #.# #. #.#
#. #######.# ##
#######.......#
#.....#.##....# ####
#..%..#.##.##.####...
#..55......##...##.##
#..h@.#.......###...#
#.....5..#.##.#..##.....
#.####.###.......#......
#. #.##....#..._.. ..
#.###..##...... ##. #.#
#..###..... .. #......#
##...# #. #####.## #####
#.# #


You could see Natasha, 2 crimson imps and a shadow imp.

Vanquished Creatures
  An adder (D:2)
  A worm (D:2)
  2 dart slugs (D:1)
  A giant cockroach (D:1)
  4 goblins
  5 hobgoblins
  A kobold (D:1)
  3 bats
  A frilled lizard (D:1)
  4 rats (D:1)
23 creatures vanquished.

Notes
Turn   | Place    | Note
-------+----------+-------------------------------------------
     0 | D:1      | asdasd2 the Minotaur Fighter began the quest for the Orb.
     0 | D:1      | Reached XP level 1. HP: 19/19 MP: 0/0
   102 | D:1      | Reached XP level 2. HP: 27/27 MP: 1/1
   542 | D:2      | Reached XP level 3. HP: 33/33 MP: 2/2
   545 | D:2      | Found a shattered altar of Ashenzari.
   577 | D:2      | Found a hazy altar of Hepliaklqana.
   642 | D:2      | Found a glowing golden altar of the Shining One.
   747 | D:2      | Found a shadowy altar of Dithmenos.
   837 | D:2      | Noticed Natasha
   849 | D:2      | Slain by Natasha

Skill      XL: |  1  2 |
---------------+-------+-----
Armour         | 4 |  4.5
Fighting       | 4 |  4.2
Axes           | |  2.9
Shields        | |  3.6

Action                   || total
-------------------------++-------
Melee: War axe           ||    56
       Headbutt          ||     7
  Use: Potion            ||     2
Armor: Scale mail        ||    31
Dodge: Dodged            ||    19
Block: Shield            ||    30
